 Dungeon Crawl Stone Soup version 0.25-a0-737-g26c3a87c45 (webtiles) character file.

Game seed: 14676689752875046992, levelgen mode: deterministic

71 magipi the Poker (level 4, -3/34 HPs)
             Began as a Merfolk Warper on Apr 12, 2020.
             Killed from afar by an orc wizard (10 damage)
             ... with a puff of flame
             ... on level 2 of the Dungeon.
             The game lasted 00:05:01 (1428 turns).

magipi the Poker (Merfolk Warper)                   Turns: 1428, Time: 00:05:01

Health: -3/34      AC:  4    Str: 12    XL:     4   Next: 24%
Magic:  7/7        EV: 13    Int: 12    God:
Gold:   72         SH:  0    Dex: 13    Spells: 7/7 levels left

rFire    . . .     SeeInvis .   a - +0 spear
rCold    . . .     Gourm    .   (no shield)
rNeg     . . .     Faith    .   b - +1 leather armour
rPois    .         Spirit   .   (no helmet)
rElec    .         Reflect  .   (no cloak)
rCorr    .         Harm     .   (no gloves)
MR       .....                  (no boots)
Stlth    +.........             (no amulet)
HPRegen  0.11/turn              (no ring)
MPRegen  0.10/turn              (no ring)

@: no status effects
A: change form in water, swift swim, stealthy swim
a: no special abilities


You were on level 2 of the Dungeon.
You were hungry.

You visited 1 branch of the dungeon, and saw 2 of its levels.

You collected 72 gold pieces.

Inventory:

Hand Weapons
 a - a +0 spear (weapon)
Missiles
 e - 5 boomerangs of dispersal
 i - 2 atropa-tipped darts
 m - 10 poisoned darts (quivered)
Armour
 b - a +1 leather armour (worn)
Scrolls
 d - a scroll of blinking
 g - a scroll of remove curse
 h - 4 scrolls of identify
Comestibles
 f - 2 rations


   Skills:
 + Level 2.7 Fighting
 * Level 4.4 Polearms
 + Level 1.8 Throwing
 + Level 1.2 Armour
 + Level 3.3 Dodging
 - Level 2.0 Spellcasting
   Level 2.4 Translocations


You had 7 spell levels left.
You didn't know any spells.
Your spell library contained the following spells:

 Spells                   Type           Power        Failure   Level  Hunger
 Blink                    Tloc           N/A          21%         2    ###....
 Shroud of Golubria       Chrm/Tloc      #.....       32%         2    ###....
 Gell's Gravitas          Tloc           #.........   36%         3    ####...
 Lesser Beckoning         Tloc           #.........   36%         3    ####...
 Teleport Other           Tloc           #.......     36%         3    ####...
 Passage of Golubria      Tloc           N/A          78%         4    #####..


Dungeon Overview and Level Annotations

Branches:
Dungeon (2/15)

Altars:
Ashenzari


Message History

Aim: a bat You reach to attack!
You hit the bat.
You kill the bat!
No target in view!
No target in view!
No target in view!
An orc and an orc wizard come into view.
The orc wizard shouts!
The orc shouts!
Unknown command.
An orc wizard comes into view. It is wielding a +0 dagger.
Found 15 gold pieces.
A bat comes into view.
The orc wizard mumbles some strange words.
The orc wizard flickers and vanishes!
Deactivating autopickup; reactivate with Ctrl-A.
Unknown command.
A hobgoblin comes into view.
Something hits you but does no damage.
You hit something but do no damage.
Attack whom?
Press: ? - help, Dir - move target cursor, f - orc wizard
Aim: an orc wizard, wielding a +0 dagger and wearing a +0 robe You reach to attack!
You hit the orc wizard but do no damage.
Something hits you.
You barely miss something. Something hits you.
You miss something. Something hits you but does no damage.
You hit something but do no damage. Something hits you.
You hit something. Something completely misses you.
It was a potion of curing.
You feel better. Something hits you but does no damage.
Unknown command.
Unknown command.
It was a potion of magic.
Magic courses through your body. Something hits you.
Unknown command.
Unknown command.
You hit something but do no damage. Something hits you but does no damage.
You closely miss something. Something hits you.
You miss something. Something hits you but does no damage.
You closely miss something. You miss something. Something hits you.
The orc wizard points at you and mumbles some strange words.
You closely miss something. You hit something but do no damage.
Something hits you but does no damage.
You hit something. Something hits you.
You barely miss something.
Something hits the orc wizard but does no damage.
You barely miss something. Something hits you.
You barely miss something. You hit something.
Something hits you but does no damage.
You hit something.
As you read the scroll labeled EROKE BUULUORCH, it crumbles to dust.
You assume a fearsome visage.
The orc looks frightened!
The orc wizard looks frightened!
The bat looks frightened!
The hobgoblin looks frightened!
It was a scroll of fear.
Cornered, the bat turns to fight!
Something hits you.
* * * LOW HITPOINT WARNING * * *
The orc wizard gestures wildly while chanting.
The orc wizard flickers and vanishes!
Unknown command.
As you read the scroll labeled GEDES XEHEALAL, it crumbles to dust.
It is a scroll of identify.
g - a scroll of remove curse Cornered, the orc turns to fight!
Okay, then.
Unknown command.
As you read the scroll labeled VUEMIX VAUMU, it crumbles to dust.
It is a scroll of enchant armour.
Your +0 leather armour glows green for a moment.
You hear some strange, mumbled words.
You hear a shout!
As you read the scroll labeled NIEGEKOASO, it crumbles to dust.
You feel aware of your surroundings.
It was a scroll of magic mapping.
You closely miss something.
Okay, then.
You closely miss something. Something hits you.
* * * LOW HITPOINT WARNING * * *
You closely miss something. You hit something but do no damage.
An orc wizard appears from thin air!
Reactivating autopickup.
You hit the orc wizard.
The orc wizard is severely wounded.
The orc wizard barely misses something.
The orc wizard hits itself with a +0 dagger.
The orc wizard dies!
You have reached level 4!
Deactivating autopickup; reactivate with Ctrl-A.
You barely miss something. Something hits you.
* * * LOW HITPOINT WARNING * * *
You hit something. Something hits you.
* * * LOW HITPOINT WARNING * * *
Unknown command.
You feel better. Something hits you.
* * * LOW HITPOINT WARNING * * *
Unknown command.
You hit something but do no damage. You closely miss something.
You hear some strange, mumbled words.
A puff of flame appears from out of thin air!
The puff of flame hits you!
You die...

########
###########.......
#................#
#.########........
#.# #..####.# #@#
#..# #.. #{#
*#..#**#.. #o#
*......... #b#
*#......### #.#
*...#...,,,
#$#*****,,,#.#,**#
#..,,,,,,,...,,,**
###***,,,,.,,,,,,,
*,,,,,,,,,,,,


You could see an orc and a bat.

Vanquished Creatures
  A gnoll (D:1)
  An adder (D:2)
  4 giant cockroaches
  4 goblins
  4 hobgoblins
  5 bats
  2 frilled lizards (D:2)
  9 kobolds
  3 rats (D:1)
33 creatures vanquished.

Vanquished Creatures (others)
  An orc wizard (D:2)
1 creature vanquished.

Grand Total: 34 creatures vanquished

Notes
Turn   | Place    | Note
-------+----------+-------------------------------------------
     0 | D:1      | magipi the Merfolk Warper began the quest for the Orb.
     0 | D:1      | Reached XP level 1. HP: 16/16 MP: 3/3
   289 | D:1      | Reached XP level 2. HP: 16/23 MP: 5/5
   433 | D:1      | Reached skill level 1 in Armour
   591 | D:1      | Reached XP level 3. HP: 28/28 MP: 6/6
   907 | D:2      | Reached skill level 4 in Polearms
   945 | D:2      | Found a shattered altar of Ashenzari.
  1423 | D:2      | Reached XP level 4. HP: 10/34 MP: 7/7
  1428 | D:2      | Killed from afar by an orc wizard

Levels and vault maps discovered:
D:1:      dpeg_arrival_tiny_i, layout_rooms
D:2:      layout_loops_ring, kennysheep_another_room, evilmike_ruin_ashenzari,
          uniq_terence

Skill      XL: |  1  2  3 |
---------------+----------+-----
Dodging        | 3 |  3.3
Armour         | 1 |  1.2
Polearms       | 4 |  4.4
Fighting       | |  2.7
Throwing       | |  1.8
Spellcasting   | |  2.0
Translocations | |  2.4

Action                   |  1- 3 |  4- 6 || total
-------------------------+-------+-------++-------
Melee: Spear             |   154 |     4 ||   158
  Use: Scroll            |     4 |       ||     4
       Potion            |     2 |     1 ||     3
 Stab: Sleeping          |     1 |       ||     1
  Eat: Chunk             |     1 |       ||     1
Armor: Leather armour    |    21 |       ||    21
Dodge: Dodged            |    49 |       ||    49

Table legend:
 A = Non-vault XP
 B = Vault XP
 C = Vault XP percentage of total XP
 D = Non-vault monster count
 E = Vault monster count
 F = Vault count percentage of total count
                 A         B        C        D         E       F
            +---------+---------+-------+---------+---------+-------
      Total |     102 |       0 |   0.0 |      34 |       0 |   0.0
            +---------+---------+-------+---------+---------+-------
        D:1 |      39 |       0 |   0.0 |      18 |       0 |   0.0
        D:2 |      63 |       0 |   0.0 |      16 |       0 |   0.0
            +---------+---------+-------+---------+---------+-------

Action                   |  1- 3 |  4- 6 || total
-------------------------+-------+-------++-------
Melee: Spear             |   154 |     4 ||   158
  Use: Scroll            |     4 |       ||     4
       Potion            |     2 |     1 ||     3
 Stab: Sleeping          |     1 |       ||     1
  Eat: Chunk             |     1 |       ||     1
Armor: Leather armour    |    21 |       ||    21
Dodge: Dodged            |    49 |       ||    49
